Map: Romanticide LE

Players

ShoWTimE - Winner!

  • Race: Protoss Protoss

Harstem

  • Race: Protoss Protoss

Event: DreamHack SC2 Masters 2021 Fall

VOD

Have the link to the VOD?

Description

Time

  • Played on: Aug. 4, 2021, 2:31 p.m.
  • Length: 16:18

All games in this series

Show
View Real Time Build Order
Export as new Build Order

ShoWTimE Protoss - Winner!

Build Orders: Phoenix Opening, Zealot Archon 

Get SALT Encoding   

  12  0:00  Probe  
  13  0:12  Probe  
  14  0:17  Pylon  
  14  0:24  Probe (Chrono Boost)  
  15  0:36  Gateway, Probe (Chrono Boost)  
  16  0:44  Probe (Chrono Boost)  
  16  0:45  Assimilator  
  17  0:51  Probe  
  18  1:03  Probe (Chrono Boost)  
  19  1:04  Assimilator  
  19  1:09  Gateway  
  19  1:12  Probe (Chrono Boost)  
  19  1:17  Probe (Chrono Boost)  
  20  1:23  Cybernetics Core  
  21  1:29  Probe  
  22  1:36  Pylon  
  22  1:42  Probe  
  23  1:54  Probe  
  23  1:57  Warp Gate (Chrono Boost)  
  23  2:00  Sentry  
  26  2:14  Nexus  
  26  2:19  Sentry  
  28  2:25  Pylon  
  28  2:31  Shield Battery  
  28  2:33  Phoenix  
  28  2:38  Sentry  
  28  2:39  Probe  
  31  2:50  Stalker  
  32  2:51  Shield Battery  
  32  2:52  Probe  
  33  3:04  Stalker, Probe  
  36  3:16  Probe  
  37  3:28  Probe (Chrono Boost)  
  37  3:32  Robotics Facility  
  37  3:34  Probe (Chrono Boost)  
  39  3:38  Probe (Chrono Boost)  
  39  3:40  Stalker  
  43  3:42  Probe (Chrono Boost)  
  43  3:46  Phoenix  
  43  3:47  Stalker, Probe (Chrono Boost)  
  46  3:52  Probe (Chrono Boost)  
  48  3:56  Shield Battery, Probe (Chrono Boost)  
  48  3:57  Probe (Chrono Boost)  
  47  4:06  Probe (Chrono Boost)  
  47  4:09  Probe (Chrono Boost)  
  49  4:11  Forge  
  49  4:18  Probe (Chrono Boost)  
  49  4:19  Observer (Chrono Boost)  
  52  4:24  Probe (Chrono Boost)  
  52  4:25  Probe (Chrono Boost)  
  53  4:31  Probe  
  53  4:38  Pylon  
  54  4:40  Nexus  
  54  4:43  Immortal (Chrono Boost)  
  54  4:44  Pylon  
  54  4:45  Protoss Ground Weapons Level 1  
  54  4:56  Immortal (Chrono Boost)  
  54  4:58  Probe x2  
  60  5:00  Phoenix  
  60  5:03  Stalker  
  60  5:06  Stalker  
  64  5:10  Probe x2  
  64  5:11  Pylon  
  66  5:15  Shield Battery  
  66  5:22  Probe x2  
  66  5:24  Twilight Council  
  68  5:29  Assimilator  
  68  5:33  Immortal  
  72  5:37  Probe  
  72  5:38  Probe  
  75  5:50  Charge, Probe (Chrono Boost)  
  75  5:52  Probe (Chrono Boost)  
  75  5:55  Probe (Chrono Boost)  
  77  6:02  Probe (Chrono Boost)  
  77  6:03  Phoenix  
  80  6:04  Probe (Chrono Boost)  
  80  6:05  Shield Battery, Probe (Chrono Boost)  
  80  6:07  Probe (Chrono Boost)  
  80  6:09  Probe (Chrono Boost)  
  80  6:10  Gateway  
  81  6:13  Observer, Gateway  
  81  6:14  Probe (Chrono Boost)  
  85  6:19  Probe (Chrono Boost)  
  85  6:21  Probe (Chrono Boost)  
  85  6:24  Assimilator, Pylon  
  87  6:25  Pylon  
  87  6:31  Probe x2 (Chrono Boost)  
  89  6:33  Probe (Chrono Boost)  
  89  6:34  Gateway x2, Phoenix  
  89  6:35  Assimilator  
  89  6:36  Probe (Chrono Boost)  
  89  6:37  Probe (Chrono Boost)  
  91  6:40  Probe  
  91  6:44  Gateway  
  91  6:45  Gateway  
  91  6:46  Protoss Ground Weapons Level 2 (Chrono Boost)  
  92  6:47  Assimilator  
  92  6:48  Probe  
  92  6:49  Probe  
  92  6:52  Probe  
  95  6:55  Templar Archives  
  95  7:00  Probe  
  96  7:01  Probe  
  96  7:04  Warp Prism  
  99  7:13  Probe  
  99  7:14  Pylon  
  100  7:21  Nexus  
  100  7:24  Pylon  
  100  7:28  Zealot x3  
  106  7:33  Pylon, High Templar  
  106  7:34  High Templar x2  
  112  7:39  Pylon, High Templar  
  112  7:42  Gateway, Archon  
  114  7:45  Gateway  
  114  7:47  Pylon  
  114  7:49  Shield Battery  
  114  7:51  Pylon  
  114  7:52  Archon  
  114  7:55  High Templar, Zealot  
  114  7:56  High Templar  
  120  8:00  Archon  
  120  8:03  Zealot  
  122  8:06  Photon Cannon  
  122  8:08  Pylon, Stalker  
  124  8:13  Zealot x3  
  130  8:21  Photon Cannon, High Templar  
  130  8:23  Pylon  
  130  8:25  Pylon  
  130  8:26  High Templar  
  134  8:27  Probe x2  
  134  8:28  Probe  
  134  8:31  Archon  
  137  8:36  Zealot x6  
  149  8:41  Protoss Ground Weapons Level 3 (Chrono Boost)  
  149  8:45  High Templar x2  
  153  8:52  Robotics Bay  
  153  8:53  Robotics Facility  
  153  8:54  Zealot  
  155  8:57  Archon  
  155  9:00  Zealot x4  
  163  9:04  Pylon  
  163  9:05  Zealot  
  163  9:06  Zealot  
  167  9:14  High Templar  
  167  9:15  High Templar  
  171  9:18  Archon  
  171  9:24  Zealot x4  
  171  9:25  Zealot x2  
  171  9:28  Assimilator  
  171  9:29  Photon Cannon  
  183  9:31  Assimilator  
  183  9:40  Zealot x2  
  183  9:41  Disruptor  
  183  9:43  Disruptor  
  167  9:52  Zealot  
  167  9:53  Zealot x5  
  167  9:56  Zealot x2  
  161  10:17  Disruptor (Chrono Boost)  
  161  10:21  Zealot x10  
  162  10:22  Probe  
  162  10:26  Blink (Chrono Boost)  
  173  10:31  Disruptor (Chrono Boost)  
  173  10:34  Nexus  
  173  10:35  Dark Shrine  
  176  10:36  Pylon  
  176  10:42  Zealot x3  
  181  10:49  Stalker x3  
  187  10:51  Observer  
  187  10:55  Disruptor (Chrono Boost)  
  188  10:59  Zealot x3  
  190  11:08  Zealot x4  
  190  11:11  Probe x2  
  200  11:23  Disruptor x2  
  200  11:25  Observer  
  180  11:32  Zealot x3, Stalker  
  180  11:33  Stalker x2  
  175  11:41  Protoss Shields Level 1 (Chrono Boost), Stalker  
  175  11:42  Stalker x3  
  183  11:51  Probe  
  183  11:54  Zealot x3  
  190  11:59  Disruptor  
  173  12:12  Zealot x5  
  173  12:15  Probe x3  
  175  12:18  Probe  
  175  12:19  Photon Cannon, Probe  
  178  12:27  Probe x2  
  176  12:31  Probe  
  173  12:37  Shadow Stride (Chrono Boost)  
  173  12:39  Probe x2  
  173  12:40  Probe  
  173  12:42  Probe  
  173  12:43  Probe  
  164  12:44  Observer x2  
  164  12:50  Stalker x7  
  164  12:51  Stalker x2  
  184  12:53  Gravitic Boosters (Chrono Boost)  
  184  12:57  Probe x2  
  184  12:58  Probe  
  187  13:05  Photon Cannon  
  187  13:07  Photon Cannon  
  187  13:15  Probe x2  
  187  13:16  Assimilator  
  187  13:17  Probe  
  187  13:19  Assimilator  
  188  13:23  Photon Cannon  
  188  13:25  Shield Battery  
  188  13:26  Shield Battery  
  188  13:31  Photon Cannon  
  188  13:32  Stargate  
  188  13:33  Pylon  
  187  13:38  Dark Templar x6  
  187  13:41  Protoss Air Weapons Level 1 (Chrono Boost)  
  194  13:55  Dark Templar x3  
  194  14:00  Disruptor x2  
  189  14:06  Dark Templar  
  181  14:15  Zealot x4  
  167  14:26  Stalker x3  
  167  14:30  Stalker x3  
  178  14:35  Stalker  
  178  14:36  Observer, Stalker x3  
  161  15:15  Observer  
  160  15:22  Observer  
  160  15:27  Nexus  
  141  15:51  Gateway  
  141  15:53  Gateway  
  141  15:54  Gateway  
  141  15:56  Gateway  
  140  15:57  Cybernetics Core  
Show
View Real Time Build Order
Export as new Build Order

Harstem Protoss 

Build Orders: Blink Stalkers, Zealot Archon, Dark Templar Rush 

Get SALT Encoding   

  12  0:00  Probe  
  13  0:12  Probe  
  14  0:17  Pylon  
  14  0:24  Probe  
  15  0:36  Probe (Chrono Boost)  
  15  0:37  Gateway  
  16  0:46  Probe (Chrono Boost)  
  16  0:48  Assimilator  
  17  0:51  Probe (Chrono Boost)  
  17  0:56  Assimilator  
  18  1:03  Probe (Chrono Boost)  
  19  1:09  Gateway  
  19  1:13  Probe (Chrono Boost)  
  19  1:18  Probe (Chrono Boost)  
  20  1:24  Cybernetics Core  
  21  1:30  Probe  
  22  1:40  Pylon  
  22  1:42  Probe  
  23  1:58  Probe  
  24  2:01  Stalker  
  24  2:06  Stalker  
  28  2:09  Warp Gate  
  28  2:18  Pylon  
  28  2:31  Adept  
  28  2:36  Adept  
  32  2:50  Probe  
  33  2:51  Nexus  
  33  3:01  Twilight Council  
  33  3:03  Probe (Chrono Boost)  
  34  3:20  Probe (Chrono Boost)  
  34  3:23  Pylon  
  35  3:27  Sentry  
  35  3:32  Probe (Chrono Boost)  
  38  3:41  Blink (Chrono Boost)  
  38  3:45  Dark Shrine  
  38  3:46  Probe (Chrono Boost)  
  39  3:51  Probe (Chrono Boost)  
  40  4:01  Probe  
  39  4:03  Phoenix, Probe  
  38  4:10  Stalker  
  38  4:13  Probe  
  38  4:15  Probe (Chrono Boost)  
  42  4:18  Forge  
  42  4:21  Stalker  
  44  4:27  Probe (Chrono Boost)  
  44  4:31  Probe (Chrono Boost)  
  46  4:35  Probe (Chrono Boost)  
  48  4:38  Stalker, Probe (Chrono Boost)  
  48  4:41  Probe  
  48  4:44  Stalker  
  53  4:47  Protoss Ground Weapons Level 1 (Chrono Boost)  
  53  4:49  Probe  
  54  4:54  Pylon  
  54  5:00  Nexus  
  54  5:02  Probe  
  54  5:05  Probe  
  56  5:08  Dark Templar  
  56  5:12  Stalker  
  60  5:15  Assimilator  
  60  5:16  Probe  
  60  5:18  Probe  
  62  5:24  Gateway  
  62  5:26  Pylon  
  62  5:29  Probe  
  62  5:31  Probe  
  64  5:37  Phoenix  
  64  5:42  Probe  
  65  5:49  Probe  
  64  5:50  Stalker x2  
  64  5:52  Charge  
  64  5:54  Probe  
  69  5:59  Gateway  
  69  6:01  Gateway  
  69  6:02  Probe (Chrono Boost)  
  70  6:06  Gateway, Probe (Chrono Boost)  
  70  6:09  Robotics Facility  
  71  6:12  Assimilator, Probe (Chrono Boost)  
  71  6:17  Assimilator  
  74  6:19  Probe (Chrono Boost)  
  74  6:20  Assimilator, Probe (Chrono Boost)  
  74  6:22  Probe (Chrono Boost)  
  74  6:25  Probe (Chrono Boost)  
  75  6:27  Probe (Chrono Boost)  
  75  6:28  Probe (Chrono Boost)  
  78  6:38  Gateway, Probe (Chrono Boost)  
  78  6:39  Gateway, Probe (Chrono Boost)  
  81  6:44  Pylon, Probe (Chrono Boost)  
  81  6:45  Protoss Ground Weapons Level 2 (Chrono Boost), Probe (Chrono Boost)  
  83  6:47  Probe (Chrono Boost)  
  83  6:52  Probe  
  83  6:53  Pylon  
  84  6:57  Templar Archives  
  84  6:58  Probe  
  84  6:59  Warp Prism  
  87  7:02  Probe  
  87  7:04  Zealot  
  90  7:09  Zealot x2  
  90  7:10  Pylon  
  90  7:11  Probe  
  95  7:17  Pylon  
  95  7:19  Zealot  
  95  7:20  Zealot  
  99  7:23  Pylon  
  100  7:34  Nexus  
  100  7:35  Pylon  
  100  7:36  High Templar  
  101  7:37  Pylon, High Templar  
  101  7:40  High Templar x2  
  101  7:42  Archon  
  107  7:51  Probe  
  107  7:53  Zealot x4  
  107  7:54  Archon  
  107  7:56  Probe  
  107  7:57  Photon Cannon  
  117  8:02  Observer (Chrono Boost)  
  117  8:03  Probe  
  117  8:04  Probe  
  120  8:08  Probe  
  121  8:15  Probe  
  121  8:16  Probe  
  121  8:18  High Templar x3  
  121  8:19  High Templar, Zealot x4  
  139  8:21  Shield Battery  
  139  8:23  Probe  
  139  8:25  Photon Cannon  
  139  8:26  Archon  
  140  8:27  Archon  
  140  8:28  Shield Battery  
  140  8:36  Probe  
  140  8:40  High Templar  
  140  8:41  Dark Templar, Gateway, High Templar  
  144  8:42  Gateway  
  144  8:44  Probe  
  144  8:45  Archon  
  147  8:49  Pylon  
  147  8:51  Assimilator  
  148  8:56  Assimilator, High Templar x2, Zealot  
  148  8:57  Zealot x2  
  158  9:06  Pylon  
  158  9:09  Pylon, Protoss Ground Weapons Level 3 (Chrono Boost)  
  157  9:10  Pylon  
  157  9:11  Archon  
  157  9:13  Probe x2  
  159  9:20  Zealot x5  
  159  9:24  Robotics Bay  
  169  9:27  Robotics Facility  
  167  9:49  Zealot x2  
  167  9:50  Zealot x4  
  159  10:00  Zealot x4  
  155  10:11  Zealot x6  
  155  10:12  Disruptor (Chrono Boost)  
  150  10:21  Disruptor (Chrono Boost)  
  150  10:23  Stalker x4  
  150  10:24  Probe  
  150  10:27  Probe  
  156  10:32  Nexus, High Templar x4  
  156  10:33  Zealot x2  
  156  10:34  Shield Battery, Probe  
  156  10:35  Probe  
  168  10:37  Archon x2, Probe  
  168  10:39  Shield Battery  
  169  10:45  Disruptor (Chrono Boost)  
  169  10:46  Probe  
  172  10:52  Probe  
  172  10:56  Zealot x6  
  186  10:57  Disruptor (Chrono Boost)  
  186  11:10  Disruptor, Zealot x4  
  191  11:23  Stalker x5  
  191  11:24  Stalker  
  181  11:27  Disruptor  
  178  11:34  Probe  
  175  11:41  Dark Templar, Zealot x3  
  175  11:43  Probe  
  175  11:46  Disruptor  
  183  11:50  Photon Cannon  
  181  11:56  Probe  
  180  12:01  Zealot x4  
  180  12:02  Zealot x5  
  180  12:04  Observer  
  189  12:13  Probe  
  182  12:17  Photon Cannon, Probe  
  182  12:18  Photon Cannon  
  182  12:19  Photon Cannon  
  182  12:20  Photon Cannon  
  182  12:21  Disruptor, Photon Cannon  
  182  12:22  Photon Cannon  
  179  12:38  Protoss Shields Level 1 (Chrono Boost)  
  179  12:39  Probe x2  
  179  12:40  Probe  
  179  12:42  Dark Shrine  
  179  12:43  Probe  
  183  12:46  Photon Cannon  
  183  12:48  Probe  
  183  12:51  Photon Cannon  
  184  12:53  Pylon, Shield Battery, Stargate  
  184  12:55  Stalker x4  
  192  13:03  Protoss Air Weapons Level 1 (Chrono Boost)  
  192  13:04  Pylon  
  192  13:07  Gravitic Boosters (Chrono Boost)  
  192  13:08  Stalker  
  192  13:12  Shield Battery  
  192  13:14  Pylon  
  190  13:22  Zealot x5  
  190  13:24  Pylon  
  192  13:56  Dark Templar x2, Zealot x2  
  177  14:17  Dark Templar, Zealot x4  
  166  14:30  Dark Templar, Zealot x4  
  163  14:39  Pylon  
  163  14:40  Disruptor (Chrono Boost)  
  163  14:43  Probe  
  163  14:44  Pylon  
  131  15:00  Disruptor (Chrono Boost)  
  131  15:05  Stalker x9  
  146  15:20  Photon Cannon  
  129  15:36  Pylon x2  
  129  15:40  Shield Battery  
  122  15:46  Photon Cannon  
  112  16:01  Zealot x6  
  112  16:02  Zealot  

Tags
 
Add a new tag
Caveats
  • Supply blocks, unpowered buildings, or Contaminate may cause inaccurate times.
  • Supply counts are checked every 10 seconds.